[Event "Team 45 45 League T65"]
[Site "Internet Chess Club"]
[Date "2015.06.03"]
[Round "1"]
[White "mongmong"]
[Black "Elton2013"]
[Result "0-1"]
[WhiteElo "1482"]
[BlackElo "1605"]
[Opening "Old Benoni defense"]
[ECO "A46"]
[Time "19:20:00"]
[TimeControl "2700+45"]

1. d4 Nf6 2. Nf3 c5 3. d5 e6 4. Nc3 exd5 5. Nxd5 g6 6. b3 Nxd5 7. Qxd5 Bg7 8.
Qe4+ Qe7 9. Qxe7+ Kxe7 10. Rb1 Nc6 11. Bb2 Bxb2 12. Rxb2 d5 13. e3 Bf5 14. Bd3
Bxd3 15. cxd3 Rad8 16. O-O Rhe8 17. a3 Kf8 18. Rc1 d4 19. e4 b6 20. b4 Ne5 21.
Nxe5 Rxe5 22. bxc5 Rxc5 23. Rxc5 bxc5 24. Kf1 Ke7 25. Ke2 Kd6 26. Kd2 Rd7 27. f4
f6 28. Rb5 Rc7 29. g4 g5 30. fxg5 fxg5 31. a4 h5 32. h3 hxg4 33. hxg4 Rh7 34.
Ke2 Rh2+ 35. Kf3 Rh3+ 36. Ke2 Kc6 37. Rb8 Rg3 38. Rc8+ Kd6 39. Rd8+ Kc7 40. Rd5
Rxg4 41. Rxc5+ Kb6 42. Rd5 a6 43. Rxd4 Ka5 44. Kf3 Rh4 45. Rd5+ Kxa4 46. Rxg5
Rh3+ 47. Rg3 Rxg3+ 48. Kxg3 Kb5 49. Kf4 Kc6 50. Kf5 Kd7 51. Kf6 Ke8 52. d4 a5
53. d5 a4 54. e5 a3 55. e6 a2 56. d6 a1=Q+ 57. Kf5 Qf1+ 58. Ke5 Qb5+ 59. Kf6
Qb2+ 60. Kf5 Qf2+ 61. Ke5 Qc5+ {White resigns} 0-1

[Event "Team 45 45 League T65"]
[Site "Internet Chess Club"]
[Date "2015.06.05"]
[Round "1"]
[White "MasterD"]
[Black "QuimCatala"]
[Result "1-0"]
[WhiteElo "1462"]
[BlackElo "1423"]
[Opening "Sicilian: Grand Prix attack"]
[ECO "B23"]
[Time "21:00:11"]
[TimeControl "2700+45"]

1. e4 c5 2. Nc3 Nc6 3. f4 g6 4. Bb5 e6 5. Nf3 a6 6. Bxc6 bxc6 7. O-O d5 8. e5
Bh6 9. d4 c4 10. Be3 Ne7 11. Qd2 Nf5 12. g4 Nxe3 13. Qxe3 Qb6 14. b3 Qb4 15. Ne2
Bf8 16. Kh1 c5 17. c3 Qb6 18. bxc4 cxd4 19. Qxd4 Qxd4 20. cxd4 dxc4 21. Rac1 Bb7
22. Rxc4 Bd5 23. Rc2 Be7 24. Kg1 O-O 25. Nd2 f6 26. Rfc1 fxe5 27. fxe5 Bh4 28.
h3 Rf2 29. Nc3 Rg2+ 30. Kf1 Rf8+ 31. Nf3 Bxf3 32. Rxg2 Bxg2+ 33. Kxg2 Rc8 34.
Ne2 Rb8 35. Rc6 Rb2 36. Kf3 Rxa2 37. Rxe6 Kf7 38. d5 Ra3+ 39. Kg2 Re3 40. Ng1 a5
41. Ra6 Be1 42. e6+ Ke7 43. Nf3 Bb4 44. Nd4 Bc3 45. d6+ Kf8 46. d7 Ke7 47. Nc6+
Kxe6 48. d8=Q Re2+ 49. Kf3 Rh2 50. Qe7+ Kd5 51. Qe4+ Kc5 52. Rxa5+ Bxa5 53. Qe5+
Kxc6 54. Qxh2 g5 55. Qe5 Bd8 56. Qh8 Be7 57. Qxh7 Kd6 58. Ke4 Kc5 {Black
resigns} 1-0

[Event "Team 45 45 League T65"]
[Site "Internet Chess Club"]
[Date "2015.06.05"]
[Round "1"]
[White "backwardpawn903"]
[Black "karthikkallam"]
[Result "1-0"]
[WhiteElo "1284"]
[BlackElo "1407"]
[Opening "Queen's pawn, Mason variation"]
[ECO "D00"]
[Time "21:45:38"]
[TimeControl "2700+45"]

1. d4 d5 2. Bf4 Nc6 3. Nf3 Nf6 4. Nbd2 Bf5 5. e3 a6 6. c4 e6 7. h3 h5 8. Be2 Be7
9. Rc1 b6 10. cxd5 Nb4 11. e4 Nxe4 12. dxe6 fxe6 13. Rxc7 Qd5 14. Qa4+ b5 15.
Rxe7+ Kxe7 16. Qxb4+ Ke8 17. b3 Rc8 18. O-O Nxd2 19. Bxd2 Rc2 20. Bg5 Qd7 21.
Ne5 Qc7 22. Bxb5+ axb5 23. Qxb5+ Kf8 24. Bf4 Qc8 25. d5 exd5 26. Qxd5 Be6 27.
Ng6+ Ke8 28. Qb5+ Bd7 29. Re1+ Kd8 30. Qg5# {Black checkmated} 1-0

[Event "Team 45 45 League T65"]
[Site "Internet Chess Club"]
[Date "2015.06.07"]
[Round "1"]
[White "kutch"]
[Black "XGG123"]
[Result "1-0"]
[WhiteElo "1574"]
[BlackElo "1371"]
[Opening "Grünfeld with e3 & Bd3"]
[ECO "D94"]
[Time "22:01:23"]
[TimeControl "2700+45"]

1. d4 Nf6 2. c4 g6 3. Nc3 d5 4. e3 Bg7 5. Nf3 O-O 6. Bd3 Nbd7 7. cxd5 Nb6 8. e4
c6 9. dxc6 bxc6 10. h3 Qc7 11. Be3 Bb7 12. Rc1 Rfd8 13. Qc2 Qd7 14. Rd1 Rac8 15.
O-O Na8 16. Na4 Nb6 17. Nc5 Qc7 18. Qb3 Ne8 19. a4 Nd7 20. Qxb7 Nxc5 21. Qxc7
Rxc7 22. dxc5 Bxb2 23. Be2 Rcd7 24. Rxd7 Rxd7 25. Rd1 Rxd1+ 26. Bxd1 Nf6 27. Bc2
Kg7 28. Bd4 Bxd4 29. Nxd4 Nd7 30. Nxc6 Nxc5 31. Nxa7 Kf6 32. Nc6 Ke6 33. Nb4 Ke5
34. a5 Kd6 35. a6 Kc7 36. f3 Kb6 37. Bd3 Nxd3 38. Nxd3 Kxa6 39. Ne5 f6 40. Nc6
e5 41. Ne7 Kb5 42. Kf2 Kc5 43. Ke3 Kd6 44. Nd5 Ke6 45. g3 Kf7 46. f4 Ke6 47.
fxe5 Kxe5 48. Nf4 f5 49. Nd3+ Kf6 50. e5+ Ke6 51. Kf4 h6 52. h4 Ke7 53. h5
{Black forfeits on time} 1-0

[Event "Team 45 45 League T65"]
[Site "Internet Chess Club"]
[Date "2015.06.04"]
[Round "1"]
[White "Berke"]
[Black "PostMike"]
[Result "0-1"]
[WhiteElo "1517"]
[BlackElo "1484"]
[Opening "Sicilian: closed"]
[ECO "B23"]
[Time "14:30:32"]
[TimeControl "2700+45"]

1. e4 c5 2. Nc3 g6 3. f4 Bg7 4. Nf3 e6 5. Bb5 a6 6. Be2 Nc6 7. O-O b5 8. Qe1 Bb7
9. d3 Nd4 10. Bd1 Ne7 11. Kh1 d6 12. Nxd4 Bxd4 13. Ne2 Bg7 14. c3 O-O 15. Bc2
Qc7 16. Be3 Qc6 17. Qg3 f5 18. Rac1 e5 19. Qf2 fxe4 20. dxe4 Kh8 21. Rcd1 Rf7
22. Rd2 Raf8 23. Rfd1 Nc8 24. Qg3 Qe8 25. Kg1 Bh6 26. fxe5 Bxe3+ 27. Qxe3 Qxe5
28. Ng3 Rf4 29. Re2 Nb6 30. Bb3 Nd7 31. Bd5 Bc8 32. b3 Nf6 33. c4 Bg4 34. Ree1
Bxd1 35. Rxd1 Ng4 36. Qe1 b4 37. h3 Nf2 38. Rd2 Qc3 39. Qe2 {White resigns} 0-1

[Event "Team 45 45 League T65"]
[Site "Internet Chess Club"]
[Date "2015.06.06"]
[Round "1"]
[White "dabodhi"]
[Black "Aquaman"]
[Result "0-1"]
[WhiteElo "1363"]
[BlackElo "1366"]
[Opening "Robatsch defense"]
[ECO "B06"]
[Time "15:00:36"]
[TimeControl "2700+45"]

1. e4 g6 2. d4 Bg7 3. Nc3 c5 4. Be3 Qa5 5. Qd2 d6 6. Bc4 a6 7. Nf3 b5 8. Bd5 Ra7
9. e5 Bb7 10. exd6 exd6 11. dxc5 Bxd5 12. Nxd5 Qxd2+ 13. Nxd2 dxc5 14. c3 Nd7
15. Ne4 Ngf6 16. Nd6+ Kf8 17. Nxf6 Bxf6 18. Bh6+ Bg7 19. Bg5 h6 20. Bf4 Be5 21.
Be3 Bxd6 22. O-O-O Be7 23. Bf4 Bg5 24. Be3 Bxe3+ 25. fxe3 Ke7 26. Rd2 c4 27. b4
Ne5 28. Rd4 Nd3+ 29. Kc2 Ke6 30. Rf1 f5 31. g3 a5 32. Ra1 axb4 33. cxb4 Nxb4+
34. Kb2 Nd3+ 35. Kc2 Ne5 36. e4 Nf3 37. exf5+ gxf5 38. Rf4 Rf8 39. Rxf3 h5 40.
Re1+ Kd6 41. Rd1+ Kc5 42. Kb2 b4 43. Ra1 c3+ 44. Kb1 Ra3 45. Rf2 Kc4 46. Rf4+
Kd3 47. Rxb4 Re8 {White forfeits on time} 0-1

[Event "Team 45 45 League T65"]
[Site "Internet Chess Club"]
[Date "2015.06.06"]
[Round "1"]
[White "kingphisch"]
[Black "JOFRAN"]
[Result "0-1"]
[WhiteElo "1505"]
[BlackElo "1445"]
[Opening "Alekhine's defense"]
[ECO "B02"]
[Time "13:05:45"]
[TimeControl "2700+45"]

1. e4 Nf6 2. e5 Nd5 3. c4 Nb6 4. d4 d6 5. Nf3 Bg4 6. Nc3 dxe5 7. dxe5 Qxd1+ 8.
Kxd1 Nc6 9. Be3 Nxe5 10. Ke1 Nxf3+ 11. gxf3 Bxf3 12. Rg1 g6 13. b3 Bg7 14. Rc1
a6 15. Rg3 Bc6 16. Bd3 O-O-O 17. Ke2 h6 18. Ne4 Nd7 19. Nc5 Nxc5 20. Bxc5 Bd4
21. Bxd4 Rxd4 22. Re3 e6 23. Rg1 Rhd8 24. Rd1 h5 25. Bc2 Rxd1 26. Bxd1 Rd7 27.
Bc2 Kd8 28. Bd3 a5 29. Re5 b6 30. Rg5 Rd4 31. Rg3 Rh4 32. h3 Ke7 33. Ke3 e5 34.
f3 Bd7 35. Bf1 Bf5 36. Bd3 Bxh3 37. Be4 Be6 38. Bd3 Rh2 39. Be2 h4 40. Rg1 h3
41. Re1 Rg2 42. f4 h2 43. Kf3 Rg1 {White resigns} 0-1

[Event "Team 45 45 League T65"]
[Site "Internet Chess Club"]
[Date "2015.06.06"]
[Round "1"]
[White "BrianWood"]
[Black "BrerRabbit"]
[Result "1-0"]
[WhiteElo "1515"]
[BlackElo "1451"]
[Opening "Old Indian defense"]
[ECO "A42"]
[Time "19:02:45"]
[TimeControl "2700+45"]

1. d4 d6 2. c4 e5 3. dxe5 dxe5 4. Qxd8+ Kxd8 5. Nc3 Be6 6. e4 Nd7 7. Nf3 f6 8.
Be3 c6 9. O-O-O Kc7 10. b3 Bc5 11. Rxd7+ Bxd7 12. Bxc5 Nh6 13. h3 b6 14. Be3 Nf7
15. Be2 Ng5 16. Nxg5 fxg5 17. Bxg5 Rhf8 18. f3 Rae8 19. Rd1 h6 20. Be3 Be6 21.
Kc2 Bg8 22. b4 a5 23. bxa5 bxa5 24. Bc5 Rf6 25. Na4 Rb8 26. Kc3 Rg6 27. g4 Bf7
28. h4 Rf6 29. g5 hxg5 30. Be7 gxh4 31. Bxf6 gxf6 32. Rh1 Rh8 33. Bf1 Kd6 34.
c5+ Ke7 35. Bc4 Be6 36. Bxe6 Kxe6 37. Rh3 f5 38. exf5+ Kxf5 39. Kc4 Kg5 40. Nc3
Rf8 41. Ne4+ Kh5 42. Kd3 Rd8+ 43. Nd6 Rb8 44. Ke4 Rb2 45. Kxe5 Rxa2 46. Ne4 Ra4
47. Kf5 Rc4 48. f4 a4 49. Nf6+ Kh6 50. Rxh4+ Kg7 51. Ne4 a3 52. Rh2 Ra4 53. Ra2
Kf7 54. Ke5 Ke7 55. f5 Ra5 56. f6+ Kf8 57. Kd6 Ra4 58. Nc3 Rf4 59. Kxc6 Rxf6+
60. Kb5 Ke8 61. Rxa3 Kd8 62. Ra8+ Kd7 63. Na4 Kc7 64. Ra7+ Kb8 65. Re7 Rf1 66.
Nb6 Rb1+ 67. Kc6 Ra1 68. Rb7# {Black checkmated} 1-0

[Event "Team 45 45 League T65"]
[Site "Internet Chess Club"]
[Date "2015.06.07"]
[Round "1"]
[White "Hal2001"]
[Black "isolani"]
[Result "1/2-1/2"]
[WhiteElo "1605"]
[BlackElo "1530"]
[Opening "Scandinavian: Pytel-Wade variation"]
[ECO "B01"]
[Time "17:00:28"]
[TimeControl "2700+45"]

1. e4 d5 2. exd5 Qxd5 3. Nc3 Qd6 4. Bb5+ c6 5. Bc4 e5 6. Ne4 Qc7 7. h3 Be7 8.
Qh5 Bf6 9. d3 Qe7 10. Nf3 Be6 11. Bxe6 Qxe6 12. Nxf6+ gxf6 13. O-O Nd7 14. Re1
O-O-O 15. Nd4 Qd5 16. Nf5 Re8 17. Ne3 Qe6 18. Nc4 Ne7 19. Qxf7 Qxf7 20. Nd6+ Kc7
21. Nxf7 Rhf8 22. Nh6 f5 23. g4 fxg4 24. hxg4 Ng6 25. Bg5 Nf4 26. Kh2 Ne6 27.
Be3 Rf6 28. Nf5 h5 29. f3 hxg4 30. fxg4 Rg8 31. Rg1 Ng5 32. Bxg5 Rxg5 33. Rg2
Rfg6 34. Kh3 Nf6 35. Rag1 Nd5 36. Rg3 Nf4+ 37. Kh4 Ne2 38. Ne7 Rg7 39. Nf5 Rg8
40. Ne7 R8g7 {Game drawn by mutual agreement} 1/2-1/2

[Event "Team 45 45 League T65"]
[Site "Internet Chess Club"]
[Date "2015.06.08"]
[Round "1"]
[White "ElMarginal"]
[Black "ChessMaine"]
[Result "0-1"]
[WhiteElo "1634"]
[BlackElo "1507"]
[Opening "Queen's pawn: Chigorin variation"]
[ECO "D00"]
[Time "19:05:23"]
[TimeControl "2700+45"]

1. Nc3 d5 2. d4 Nf6 3. Bf4 e6 4. Nf3 c5 5. e3 cxd4 6. Nxd4 Bb4 7. Qd3 O-O 8. a3
Qa5 9. Nb3 Bxc3+ 10. bxc3 Qd8 11. Be2 Nc6 12. O-O h6 13. h3 Ne4 14. f3 Nf6 15.
c4 dxc4 16. Qxc4 Nd5 17. Rfd1 Qb6 18. Nd4 Nxf4 19. exf4 e5 20. fxe5 Nxe5 21. Qb5
Qc7 22. Rac1 Bd7 23. Qb2 Rfe8 24. Re1 Rad8 25. c4 Qa5 26. Qb4 Qxb4 27. axb4 Bxh3
28. Nb5 Bf5 29. Nxa7 Rd2 30. Nb5 Nc6 31. Kf1 Nxb4 32. Nc7 Re7 33. Nd5 Nxd5 34.
cxd5 Rxd5 35. Bc4 Rxe1+ 36. Rxe1 Bd3+ 37. Bxd3 Rxd3 38. Re8+ Kh7 39. Re7 b5 40.
Rxf7 Rd2 41. Rf5 b4 42. Rb5 Rb2 43. g4 b3 44. Ke1 Rb1+ 45. Kd2 b2 46. Kc2 Rf1
47. Rxb2 Rxf3 48. Rb4 Rg3 49. Kd2 Kg6 50. Ke2 Kg5 51. Kf2 Rxg4 52. Rb5+ Kh4 53.
Rb7 Kh3 54. Rb3+ Kh4 55. Rb7 Kh5 56. Kf3 Rg1 57. Rb5+ Kg6 58. Rb6+ Kh7 59. Kf2
Rg5 60. Kf3 h5 61. Kf4 Rg1 62. Rb5 g6 63. Rb7+ Kh6 64. Rb6 h4 65. Rb3 g5+ 66.
Kf5 Kh5 67. Rb8 Rf1+ 68. Ke4 Kg4 69. Ke3 h3 70. Rb4+ Rf4 71. Rb1 Rf3+ 72. Ke2 h2
73. Rh1 Ra3 74. Kf2 Kh3 75. Rd1 g4 76. Rd7 g3+ 77. Ke2 Kg2 78. Rh7 h1=Q 79. Rxh1
Kxh1 80. Kf1 g2+ {White resigns} 0-1

[Event "Team 45 45 League T65"]
[Site "Internet Chess Club"]
[Date "2015.06.08"]
[Round "1"]
[White "seattleblues"]
[Black "rgadoury"]
[Result "0-1"]
[WhiteElo "1419"]
[BlackElo "1461"]
[Opening "Grünfeld with Bf4 & e3"]
[ECO "D93"]
[Time "21:01:02"]
[TimeControl "2700+45"]

1. d4 d5 2. Nf3 Nf6 3. c4 g6 4. Nc3 Bg7 5. Bf4 O-O 6. e3 dxc4 7. Bxc4 c6 8. O-O
Nbd7 9. e4 b5 10. Bd3 a6 11. e5 Nd5 12. Nxd5 cxd5 13. Nd2 Nb6 14. b3 Bd7 15. Rc1
Be6 16. Nf3 Rc8 17. Qd2 Rxc1 18. Rxc1 Qd7 19. Ng5 Bf5 20. Bxf5 Qxf5 21. Rc6 Rb8
22. e6 fxe6 23. Bxb8 Bxd4 24. Nxe6 Nc4 25. bxc4 Qb1+ {White resigns} 0-1

[Event "Team 45 45 League T65"]
[Site "Internet Chess Club"]
[Date "2015.06.07"]
[Round "1"]
[White "oldbookseller"]
[Black "Conjurer"]
[Result "0-1"]
[WhiteElo "1153"]
[BlackElo "1322"]
[Opening "Queen's pawn: Yusupov-Rubinstein system"]
[ECO "A46"]
[Time "13:07:05"]
[TimeControl "2700+45"]

1. d4 Nf6 2. Nf3 e6 3. e3 Bb4+ 4. c3 Be7 5. Bd3 O-O 6. O-O d5 7. Nbd2 c5 8. e4
dxe4 9. Nxe4 cxd4 10. cxd4 Nc6 11. Bc2 Nb4 12. Bb1 b6 13. a3 Nbd5 14. Qd3 a5 15.
Neg5 g6 16. Ne5 Ba6 17. Qd1 Bxf1 18. Kxf1 Rc8 19. Nxg6 fxg6 20. Nxe6 Qd6 21. Qe1
Rxc1 22. Qxc1 Qxe6 23. Ba2 Ng4 24. f3 Nxh2+ 25. Kf2 Bd6 26. Qg5 Ng4+ 27. Kf1
Nge3+ 28. Kf2 Bf4 29. Qh4 Qf5 30. Rh1 Qc2+ 31. Ke1 Nxg2+ {White resigns} 0-1

[Event "Team 45 45 League T65"]
[Site "Internet Chess Club"]
[Date "2015.06.06"]
[Round "1"]
[White "dabodhi"]
[Black "Electryon"]
[Result "1/2-1/2"]
[WhiteElo "1366"]
[BlackElo "1428"]
[Opening "French: Rubinstein variation"]
[ECO "C10"]
[Time "22:00:52"]
[TimeControl "2700+45"]

1. e4 e6 2. d4 d5 3. Nc3 dxe4 4. Nxe4 Nd7 5. g3 Ngf6 6. Nxf6+ Nxf6 7. Bg2 c5 8.
Nf3 cxd4 9. Qxd4 Be7 10. Be3 O-O 11. O-O Nd5 12. Bd2 Qc7 13. c3 Bd7 14. Ne5 Bf6
15. Rfe1 Rfd8 16. Bxd5 Bc6 17. c4 Bxd5 18. cxd5 Rxd5 19. Qc3 Bxe5 20. Qxc7 Bxc7
21. Bc3 Ba5 22. Bxa5 Rxa5 23. a3 Rd8 24. Rad1 Rad5 25. Rxd5 Rxd5 26. Rc1 g6 27.
Rc7 Rb5 28. b4 a5 29. bxa5 Rxa5 30. Rxb7 Rxa3 31. Kg2 Kg7 32. Rb4 Rd3 33. Re4 h6
34. Re3 Rxe3 35. fxe3 f5 36. Kf3 Kf6 37. e4 Ke5 38. exf5 exf5 39. Ke3 g5 40. h3
h5 41. Kf3 g4+ 42. hxg4 fxg4+ 43. Ke3 Kf5 44. Kf2 Ke4 45. Ke2 Kd4 46. Kd2 Ke4
47. Ke2 Kd4 48. Kd2 Ke5 49. Ke3 Kf5 50. Kf2 Kg5 51. Kg2 h4 52. gxh4+ Kxh4 53.
Kh2 g3+ 54. Kg2 Kg4 55. Kg1 Kf3 56. Kf1 Ke3 57. Kg2 Kf4 58. Kg1 Kf3 59. Kf1 Ke3
60. Kg2 Kf4 61. Kg1 Kf3 {Game drawn by repetition} 1/2-1/2

[Event "Team 45 45 League T65"]
[Site "Internet Chess Club"]
[Date "2015.06.04"]
[Round "1"]
[White "Aquaman"]
[Black "seattleblues"]
[Result "0-1"]
[WhiteElo "1349"]
[BlackElo "1451"]
[Opening "Queen's pawn game"]
[ECO "A45"]
[Time "21:00:43"]
[TimeControl "2700+45"]

1. d4 Nf6 2. Nc3 e6 3. e4 Bb4 4. Bd2 Bxc3 5. Bxc3 Nxe4 6. Nf3 Nxc3 7. bxc3 d6 8.
Bd3 O-O 9. O-O Nc6 10. Qd2 Re8 11. h4 h6 12. g3 Qf6 13. Nh2 e5 14. Ng4 Bxg4
{White resigns} 0-1

[Event "Team 45 45 League T65"]
[Site "Internet Chess Club"]
[Date "2015.06.08"]
[Round "1"]
[White "Just-Jim"]
[Black "artspir"]
[Result "1-0"]
[WhiteElo "1379"]
[BlackElo "1243"]
[Opening "Caro-Kann: Hillbilly attack"]
[ECO "B10"]
[Time "11:00:18"]
[TimeControl "2700+45"]

1. e4 c6 2. Bc4 d5 3. exd5 cxd5 4. Be2 Nf6 5. d4 e6 6. f4 Bd6 7. Nf3 Nbd7 8. O-O
O-O 9. Ne5 Ne4 10. Nd2 f6 11. Nxe4 dxe4 12. Nc4 Bc7 13. Nd2 f5 14. Bc4 Nf6 15.
Nb3 b6 16. c3 Kh8 17. a4 a5 18. Nd2 Ng4 19. Nxe4 fxe4 20. Qxg4 e5 21. Qe2 exf4
22. Qxe4 Ra7 23. Bxf4 Qh4 24. Qe3 Bd7 25. Bxc7 Rxf1+ 26. Rxf1 Ra8 27. Bd5 Rc8
28. Qf3 h6 29. Be5 Qe7 30. Qf7 Qf8 31. Qxf8+ Rxf8 32. Rxf8+ Kh7 33. Be4+ g6 34.
Rh8# {Black checkmated} 1-0

[Event "Team 45 45 League T65"]
[Site "Internet Chess Club"]
[Date "2015.06.07"]
[Round "1"]
[White "RobertBuice"]
[Black "bhandelman"]
[Result "0-1"]
[WhiteElo "1142"]
[BlackElo "1151"]
[Opening "QGD: 4.Nf3"]
[ECO "D37"]
[Time "10:00:47"]
[TimeControl "2700+45"]

1. d4 Nf6 2. c4 e6 3. Nf3 d5 4. Nc3 Be7 5. Bg5 O-O 6. Qc2 Nc6 7. a3 b6 8. e3 Ba6
9. b3 Qd6 10. Bxf6 Bxf6 11. Bd3 g6 12. cxd5 Bxd3 13. Qxd3 exd5 14. O-O Na5 15.
Nb5 Qc6 16. Rfc1 Qb7 17. Rxc7 Qa6 18. Rac1 Bd8 19. Rd7 Re8 20. Ne5 Be7 21. Qc3
Qxb5 22. Qc6 Qxc6 23. Rxc6 Nxc6 24. Nxc6 Rac8 25. Nxe7+ Rxe7 {White resigns} 0-1

[Event "Team 45 45 League T65"]
[Site "Internet Chess Club"]
[Date "2015.06.08"]
[Round "1"]
[White "olivermx"]
[Black "Husky99"]
[Result "1-0"]
[WhiteElo "1340"]
[BlackElo "1273"]
[Opening "Scandinavian defense"]
[ECO "B01"]
[Time "19:00:27"]
[TimeControl "2700+45"]

1. e4 d5 2. exd5 Nf6 3. Bc4 Nxd5 4. Nf3 Bg4 5. O-O e5 6. d3 Bc5 7. Re1 Nc6 8.
Be3 Nxe3 9. fxe3 e4 10. dxe4 Qxd1 11. Rxd1 Bxe3+ 12. Kh1 Ne5 13. Be2 O-O 14. Nc3
Nxf3 15. gxf3 Bh3 16. Nd5 Bb6 17. Nf4 Be6 18. c4 c5 19. Rg1 g6 20. Rad1 Rad8 21.
Nd5 Rfe8 22. Nf6+ {Black resigns} 1-0

[Event "Team 45 45 League T65"]
[Site "Internet Chess Club"]
[Date "2015.06.07"]
[Round "1"]
[White "stantheman59"]
[Black "BoardOfWar"]
[Result "1-0"]
[WhiteElo "1276"]
[BlackElo "1176"]
[Opening "Queen's pawn game, Darooha variation "]
[ECO "D02"]
[Time "18:04:08"]
[TimeControl "2700+45"]

1. d4 Nf6 2. Nf3 d5 3. Nc3 Nc6 4. Bg5 e6 5. e4 Be7 6. Bxf6 Bxf6 7. e5 Be7 8. a3
a6 9. Bd3 O-O 10. O-O Bd7 11. Ne2 b5 12. c3 h6 13. Bc2 Nb8 14. Ng3 c5 15. h4 c4
16. Qd2 Be8 17. h5 f6 18. Bg6 Bxg6 19. hxg6 Qe8 20. Qc2 f5 21. b3 Qxg6 22. bxc4
dxc4 23. Rfd1 Nc6 24. d5 exd5 25. Rxd5 Qf7 26. Rd7 Nb8 27. Rc7 Qe6 28. Ne2 Nd7
29. Ned4 Qd5 30. Nxf5 Bd8 31. Rd1 Qe6 32. Rcxd7 Rxf5 33. Rxd8+ Rxd8 34. Rxd8+
Kf7 35. Rd6 Qc8 36. e6+ Ke7 37. Qxf5 Kxd6 38. Qe5+ Kc6 39. e7 Kd7 40. Qf5+ Kc7
41. Qxc8+ Kxc8 42. e8=Q+ Kc7 43. Qe7+ Kb6 44. Qxg7 Ka5 45. Qxh6 Ka4 46. Qxa6+
Kb3 47. Qxb5+ Kxa3 48. Qxc4 Kb2 49. g4 Ka3 50. g5 Kb2 51. g6 Ka3 52. g7 Kb2 53.
g8=Q Kc1 54. Qg5+ Kc2 55. Qa4+ Kd3 56. Qd2# {Black checkmated} 1-0

[Event "Team 45 45 League T65"]
[Site "Internet Chess Club"]
[Date "2015.06.05"]
[Round "1"]
[White "SeniorCitizen"]
[Black "srikrish"]
[Result "1-0"]
[WhiteElo "1346"]
[BlackElo "1121"]
[Opening "Scotch opening"]
[ECO "C44"]
[Time "12:16:06"]
[TimeControl "2700+45"]

1. e4 e5 2. d4 Nc6 3. Nf3 Nf6 4. d5 Na5 5. Bd3 Bc5 6. Bd2 b6 7. b4 Bd4 8. c3
Bxf2+ 9. Kxf2 Nb7 10. Nxe5 d6 11. Qa4+ Nd7 12. Nxd7 Bxd7 13. Qd1 Qf6+ 14. Qf3
Bg4 15. Qxf6 gxf6 16. Bb5+ Ke7 17. Bc6 Rab8 18. Bxb7 Rxb7 19. Bf4 c5 20. dxc6
Rc7 21. b5 f5 22. Nd2 fxe4 23. Nxe4 Rd8 24. h3 Bf5 25. Ng3 Bg6 26. Rhe1+ Kf6 27.
Rad1 Kg7 28. Rxd6 h5 29. Rxd8 h4 30. Bxc7 hxg3+ 31. Kxg3 Kh6 32. Bf4+ Kh5 33.
Re5+ f5 34. Rh8+ Bh7 35. Rxh7+ Kg6 36. Rxa7 Kf6 37. c7 Kf7 38. c8=Q+ Kg6 39.
Re6+ Kh5 40. Rh6# {Black checkmated} 1-0

[Event "Team 45 45 League T65"]
[Site "Internet Chess Club"]
[Date "2015.06.07"]
[Round "1"]
[White "rhayder"]
[Black "oldbookseller"]
[Result "0-1"]
[WhiteElo "1347"]
[BlackElo "1178"]
[Opening "Ruy Lopez: Berlin defense"]
[ECO "C65"]
[Time "18:15:56"]
[TimeControl "2700+45"]

1. e4 e5 2. Nf3 Nc6 3. Bb5 Nf6 4. Bxc6 dxc6 5. d3 Bd6 6. Nc3 Be6 7. Be3 O-O 8.
Qd2 c5 9. Bg5 Be7 10. Nd5 Nxd5 11. exd5 Bxd5 12. Bxe7 Qxe7 13. O-O-O Bxa2 14.
Qa5 Bd5 15. Rde1 b6 16. Qc3 f6 17. Re3 Rad8 18. Rhe1 Qd7 19. g3 Qa4 20. Qa3 Qc6
21. Nd2 a5 22. c4 Bf7 23. b3 Qg2 24. h4 Qxf2 25. R3e2 {White resigns} 0-1

[Event "Team 45 45 League T65"]
[Site "Internet Chess Club"]
[Date "2015.06.06"]
[Round "1"]
[White "Baseta"]
[Black "JefferyChess"]
[Result "1-0"]
[WhiteElo "1874"]
[BlackElo "1741"]
[Opening "Grünfeld: Russian variation"]
[ECO "D81"]
[Time "11:00:30"]
[TimeControl "2700+45"]

1. d4 Nf6 2. c4 g6 3. Nc3 d5 4. Qb3 dxc4 5. Qxc4 Bg7 6. Bf4 c6 7. e3 O-O 8. Bd3
Na6 9. Nf3 Be6 10. Qa4 Nc7 11. O-O Ncd5 12. Be5 Nb6 13. Qc2 Nfd5 14. a3 Nd7 15.
Bxg7 Kxg7 16. Ng5 Nc7 17. Nxe6+ Nxe6 18. Ne4 f5 19. Nd2 Nb6 20. Nf3 Nd5 21. Ne5
Nf6 22. Qb3 Nc7 23. Qxb7 Rb8 24. Qxa7 Rxb2 25. Nxc6 Qd6 26. Rfc1 Ra8 27. Qc5
Qxc5 28. Rxc5 Rb3 29. Ne5 Rbxa3 30. Rxa3 Rxa3 31. Rxc7 Ra1+ 32. Bf1 Ne4 33. Nd3
Nd2 34. Rc1 Ra3 35. Rc2 Nxf1 36. Kxf1 Rxd3 37. Ke2 Ra3 38. Kf3 Kf6 39. h4 h5 40.
Kf4 e6 41. f3 Ra4 42. Rc5 Rb4 43. Rc6 Ra4 44. Rd6 Rc4 45. e4 fxe4 46. fxe4 Ra4
47. d5 Ke7 48. Rxe6+ Kf7 49. Kg5 Ra2 50. Rf6+ Ke7 51. Rxg6 Rxg2+ 52. Kxh5 Re2
53. Rg4 Kf6 54. Kh6 Ke5 55. h5 Rh2 56. Kg6 Kd6 57. h6 Ke7 58. Kg7 Kd6 59. h7
{Black resigns} 1-0

[Event "Team 45 45 League T65"]
[Site "Internet Chess Club"]
[Date "2015.06.07"]
[Round "1"]
[White "Constrictor"]
[Black "pcvan"]
[Result "0-1"]
[WhiteElo "1586"]
[BlackElo "1575"]
[Opening "Bird's opening"]
[ECO "A03"]
[Time "20:03:49"]
[TimeControl "2700+45"]

1. f4 d5 2. Nf3 g6 3. e3 Bg7 4. d4 Nf6 5. Be2 O-O 6. O-O Bg4 7. h3 Bf5 8. c3
Nbd7 9. g4 Be4 10. Nbd2 e6 11. Ne5 Nxe5 12. fxe5 Nd7 13. Nxe4 dxe4 14. Qc2 Qh4
15. Kg2 f5 16. exf6 Nxf6 17. Qb3 h5 18. Qxe6+ Kh7 19. Bd2 Rae8 20. Qb3 hxg4 21.
Bxg4 Nxg4 22. hxg4 Qxg4+ 23. Kh1 Rf3 24. Rxf3 exf3 {White resigns} 0-1

[Event "Team 45 45 League T65"]
[Site "Internet Chess Club"]
[Date "2015.06.07"]
[Round "1"]
[White "ElMarginal"]
[Black "elessar"]
[Result "1-0"]
[WhiteElo "1657"]
[BlackElo "1603"]
[Opening "Queen's pawn: Chigorin variation"]
[ECO "D00"]
[Time "14:09:36"]
[TimeControl "2700+45"]

1. Nc3 d5 2. d4 Nf6 3. Bf4 Bf5 4. e3 c6 5. Nf3 e6 6. Bd3 Nbd7 7. Bxf5 exf5 8.
O-O Be7 9. Qd3 Ne4 10. Ne2 g5 11. Be5 f6 12. Bg3 h5 13. h4 Bd6 14. Bxd6 Nxd6 15.
Ng3 Qe7 16. hxg5 O-O-O 17. g6 Qe6 18. Nh4 Rdg8 19. Ngxf5 Nxf5 20. Qxf5 Qxf5 21.
Nxf5 Kc7 22. g7 Rh7 23. e4 dxe4 24. Rae1 h4 25. Rxe4 Rh5 26. Rf4 Nb6 27. Rf3 Rg5
28. Re1 Nd7 29. Kh2 c5 30. Re7 cxd4 31. Rf4 Rxf5 32. Rxd4 {Black resigns} 1-0

[Event "Team 45 45 League T65"]
[Site "Internet Chess Club"]
[Date "2015.06.06"]
[Round "1"]
[White "Hal2001"]
[Black "gokuxxx"]
[Result "1/2-1/2"]
[WhiteElo "1609"]
[BlackElo "1473"]
[Opening "KP: Nimzovich defense"]
[ECO "B00"]
[Time "20:00:20"]
[TimeControl "2700+45"]

1. e4 Nc6 2. Nf3 Nf6 3. e5 Nd5 4. d4 d6 5. c4 Nb6 6. e6 fxe6 7. Be3 e5 8. d5 Nb4
9. Nc3 Bf5 10. Rc1 e6 11. a3 Na6 12. b4 Be7 13. Bd3 O-O 14. dxe6 Bxe6 15. Qe2 c5
16. b5 Nc7 17. O-O a6 18. a4 axb5 19. axb5 Ra3 20. Qc2 Bxc4 21. Bxh7+ Kh8 22.
Bd3 Nxb5 23. Bxc4 Rxc3 24. Qb2 Nxc4 25. Qxb5 Nxe3 26. fxe3 Rxc1 27. Rxc1 e4 28.
Nd2 Bg5 29. Qe2 Qe7 {Game drawn by mutual agreement} 1/2-1/2

[Event "Team 45 45 League T65"]
[Site "Internet Chess Club"]
[Date "2015.06.08"]
[Round "1"]
[White "az2112"]
[Black "Egmont"]
[Result "1-0"]
[WhiteElo "1635"]
[BlackElo "1779"]
[Opening "French: exchange variation"]
[ECO "C01"]
[Time "11:33:40"]
[TimeControl "2700+45"]

1. e4 e6 2. d4 d5 3. exd5 exd5 4. Nf3 Nc6 5. Bb5 Bd6 6. Nc3 Ne7 7. Bg5 f6 8. Be3
Bg4 9. h3 Bh5 10. g4 Bf7 11. Qd2 Qd7 12. O-O-O O-O-O 13. Nh4 f5 14. f4 Rdg8 15.
Be2 h5 16. g5 Re8 17. Nf3 Ng6 18. Ne5 Ncxe5 19. dxe5 Bb4 20. a3 Bxc3 21. Qxc3
Qa4 22. Rd4 Qd7 23. Rhd1 Rd8 24. Qa5 c5 25. Qxc5+ Kb8 26. Rb4 b6 27. Qa5 {Black
resigns} 1-0